[ AOE2 MATCH · #504859155 ]
UnrankedSaracens vs Bulgarians
Player's team · WIN
[ REPLAY ANALYSIS · EXTRACTED FROM THE RECORDED GAME ]
Feudal
9:17
Castle
21:46
Imperial
42:08
| APM avg | 72.1 |
| APM peak | 119 |
| eAPM avg | 28.8 |
| Villagers / military | 173 / 92 |
Focus
⚔️ 23.5% · 🌾 76.5%
Mameluke ×53 · Mangonel ×12 · Scout Cavalry ×10 · Fishing Ship ×6 · Battering Ram ×5 · Monk ×4
Feudal
12:31
Castle
19:45
Imperial
42:18
| APM avg | 42.2 |
| APM peak | 67 |
| eAPM avg | 22.8 |
| Villagers / military | 116 / 79 |
Focus
⚔️ 28.1% · 🌾 71.9%
Cavalry Archer ×38 · Konnik ×15 · Spearman ×9 · Fire Galley ×6 · Fishing Ship ×6 · Battering Ram ×5
Match map
Initial resources + every placement click. Lines = walls · curves = elevation contours. ◆ gold · ⬟ stone · ● berries · ✦ relic · ◌ wall gap
Your base· Open — opponent sealed themselves in
Omit the Wise's base· ✓ Closed at 19:45 · 14t walls · no gate
Smoothed initial terrain · ◌ = detected wall gap · hover for details
Inputs per minute
— osnolA odnanreF - - Omit the Wise
Build order — osnolA odnanreF
First 150 of 503 actions detected
| 0:00 | Queue | Villager (Male) |
| 0:02 | Build | House |
| 0:03 | Build | House |
| 0:14 | Queue | Villager (Male) |
| 0:14 | Queue | Villager (Male) |
| 0:19 | Queue | Villager (Male) |
| 1:29 | Queue | Villager (Male) |
| 1:46 | Build | Lumber Camp |
| 1:52 | Queue | Villager (Male) |
| 2:26 | Queue | Villager (Male) |
| 2:26 | Queue | Villager (Male) |
| 2:49 | Queue | Villager (Male) |
| 3:05 | Queue | Villager (Male) |
| 3:46 | Queue | Villager (Male) |
| 4:09 | Queue | Villager (Male) |
| 4:10 | Queue | Villager (Male) |
| 4:23 | Build | House |
| 4:53 | Build | Mill |
| 4:58 | Queue | Villager (Male) |
| 5:14 | Queue | Villager (Male) |
| 5:16 | Queue | Villager (Male) |
| 6:12 | Queue | Villager (Male) |
| 6:19 | Queue | Villager (Male) |
| 6:41 | Research | Loom |
| 7:06 | Research | Feudal Age |
| 7:30 | Build | Barracks |
| 7:50 | Queue | Villager (Male) |
| 8:04 | Queue | Villager (Male) |
| 8:13 | Build | House |
| 8:35 | Build | House |
| 8:51 | Queue | Villager (Male) |
| 9:17 | Age | Feudal Age |
| 9:21 | Build | Stable |
| 9:24 | Research | Double-Bit Axe |
| 9:24 | Research | Double-Bit Axe |
| 9:32 | Queue | Villager (Male) |
| 9:36 | Research | Horse Collar |
| 9:36 | Research | Horse Collar |
| 9:39 | Build | Farm |
| 9:59 | Queue | Villager (Male) |
| 10:14 | Queue | Scout Cavalry |
| 10:14 | Queue | Scout Cavalry |
| 10:24 | Build | Palisade Gate |
| 10:38 | Build | Palisade Wall |
| 10:42 | Queue | Villager (Male) |
| 10:52 | Queue | Villager (Male) |
| 10:53 | Build | Farm |
| 10:54 | Build | Farm |
| 11:03 | Build | Farm |
| 11:04 | Queue | Villager (Male) |
| 11:11 | Queue | Scout Cavalry |
| 11:30 | Queue | Villager (Male) |
| 11:45 | Queue | Villager (Male) |
| 11:46 | Build | Farm |
| 11:47 | Build | Farm |
| 11:59 | Build | Farm |
| 12:03 | Queue | Villager (Male) |
| 12:06 | Build | House |
| 12:10 | Queue | Villager (Male) |
| 12:19 | Queue | Scout Cavalry |
| 12:44 | Queue | Villager (Male) |
| 12:46 | Queue | Villager (Male) |
| 12:47 | Queue | Villager (Male) |
| 12:49 | Build | Farm |
| 12:58 | Build | Farm |
| 13:08 | Queue | Scout Cavalry |
| 13:12 | Build | House |
| 13:14 | Build | Palisade Wall |
| 13:16 | Queue | Scout Cavalry |
| 13:22 | Build | House |
| 13:24 | Build | House |
| 13:26 | Build | Palisade Wall |
| 13:39 | Build | Farm |
| 13:40 | Build | Farm |
| 13:51 | Queue | Villager (Male) |
| 13:53 | Build | Farm |
| 13:57 | Queue | Villager (Male) |
| 14:01 | Build | Farm |
| 14:22 | Queue | Villager (Male) |
| 14:30 | Build | Lumber Camp |
| 14:34 | Queue | Villager (Male) |
| 14:40 | Build | Palisade Wall |
| 14:47 | Build | Dock |
| 14:54 | Build | House |
| 14:56 | Build | Palisade Wall |
| 15:04 | Queue | Scout Cavalry |
| 15:04 | Queue | Scout Cavalry |
| 15:08 | Queue | Villager (Male) |
| 15:24 | Build | Mining Camp |
| 15:29 | Queue | Villager (Male) |
| 15:35 | Queue | Fishing Ship |
| 15:35 | Queue | Fishing Ship |
| 15:48 | Queue | Villager (Male) |
| 15:52 | Build | House |
| 15:53 | Build | House |
| 15:58 | Queue | Scout Cavalry |
| 16:00 | Queue | Villager (Male) |
| 16:02 | Build | Farm |
| 16:03 | Build | Palisade Wall |
| 16:18 | Queue | Scout Cavalry |
| 16:20 | Queue | Villager (Male) |
| 16:22 | Queue | Fishing Ship |
| 16:23 | Queue | Fishing Ship |
| 16:32 | Queue | Villager (Male) |
| 16:46 | Queue | Villager (Male) |
| 16:53 | Build | House |
| 16:53 | Build | House |
| 17:04 | Queue | Villager (Male) |
| 17:15 | Queue | Villager (Male) |
| 17:18 | Build | Market |
| 17:20 | Build | Palisade Wall |
| 17:35 | Queue | Fishing Ship |
| 17:53 | Build | House |
| 17:57 | Build | Dock |
| 18:55 | Build | House |
| 19:01 | Queue | Fire Galley |
| 19:06 | Research | Castle Age |
| 19:06 | Research | Castle Age |
| 19:12 | Queue | Unit 2626 |
| 19:13 | Queue | Unit 2626 |
| 19:21 | Queue | Fishing Ship |
| 19:25 | Build | House |
| 19:36 | Queue | Villager (Male) |
| 19:41 | Build | Mining Camp |
| 20:02 | Build | House |
| 20:02 | Build | House |
| 20:15 | Queue | Villager (Male) |
| 20:19 | Research | Stone Mining |
| 20:31 | Queue | Fire Galley |
| 20:41 | Queue | Villager (Male) |
| 20:53 | Build | Lumber Camp |
| 20:59 | Build | Lumber Camp |
| 21:20 | Build | Palisade Wall |
| 21:22 | Build | House |
| 21:33 | Queue | Villager (Male) |
| 21:46 | Age | Castle Age |
| 21:48 | Build | Castle |
| 22:06 | Build | House |
| 22:14 | Queue | Villager (Male) |
| 22:16 | Build | Monastery |
| 22:21 | Build | Monastery |
| 22:23 | Queue | Villager (Male) |
| 22:31 | Build | Blacksmith |
| 22:34 | Queue | Mameluke |
| 22:34 | Queue | Mameluke |
| 22:36 | Queue | Villager (Male) |
| 22:37 | Queue | Mameluke |
| 23:16 | Queue | Villager (Male) |
| 23:19 | Build | Town Center |
| 23:28 | Queue | Villager (Male) |
Build order — Omit the Wise
First 150 of 340 actions detected
| 0:00 | Queue | Villager (Male) |
| 0:00 | Queue | Villager (Male) |
| 0:01 | Queue | Villager (Male) |
| 0:02 | Build | House |
| 0:03 | Build | House |
| 0:50 | Queue | Villager (Male) |
| 1:24 | Queue | Villager (Male) |
| 1:53 | Queue | Villager (Male) |
| 2:18 | Queue | Villager (Male) |
| 2:30 | Build | Barracks |
| 2:45 | Queue | Villager (Male) |
| 3:16 | Queue | Villager (Male) |
| 3:38 | Queue | Villager (Male) |
| 3:51 | Build | House |
| 3:51 | Queue | Militia |
| 4:28 | Queue | Villager (Male) |
| 4:42 | Queue | Villager (Male) |
| 4:44 | Queue | Militia |
| 4:46 | Queue | Militia |
| 5:16 | Queue | Villager (Male) |
| 5:38 | Queue | Villager (Male) |
| 5:56 | Queue | Villager (Male) |
| 6:05 | Build | Mill |
| 6:23 | Build | House |
| 6:27 | Queue | Villager (Male) |
| 6:41 | Queue | Villager (Male) |
| 7:14 | Queue | Villager (Male) |
| 7:22 | Build | House |
| 7:44 | Queue | Villager (Male) |
| 8:16 | Queue | Villager (Male) |
| 8:38 | Queue | Villager (Male) |
| 8:42 | Build | House |
| 9:09 | Queue | Villager (Male) |
| 9:34 | Build | Dock |
| 9:43 | Build | House |
| 9:56 | Queue | Villager (Male) |
| 9:59 | Research | Feudal Age |
| 10:36 | Build | Lumber Camp |
| 10:58 | Build | Palisade Wall |
| 11:01 | Build | Palisade Wall |
| 11:22 | Build | Mining Camp |
| 11:47 | Research | Loom |
| 11:48 | Queue | Villager (Male) |
| 11:57 | Queue | Fishing Ship |
| 12:31 | Age | Feudal Age |
| 12:33 | Queue | Spearman |
| 12:47 | Queue | Villager (Male) |
| 12:54 | Queue | Fishing Ship |
| 13:28 | Queue | Villager (Male) |
| 13:30 | Queue | Fishing Ship |
| 13:44 | Queue | Spearman |
| 13:45 | Queue | Villager (Male) |
| 14:25 | Build | House |
| 14:41 | Queue | Villager (Male) |
| 14:48 | Build | Blacksmith |
| 14:53 | Queue | Villager (Male) |
| 14:56 | Build | Palisade Wall |
| 15:27 | Queue | Villager (Male) |
| 15:51 | Queue | Spearman |
| 16:14 | Build | Market |
| 16:15 | Queue | Villager (Male) |
| 16:20 | Build | Palisade Wall |
| 16:23 | Build | Palisade Wall |
| 16:24 | Build | Palisade Wall |
| 16:33 | Queue | Villager (Male) |
| 16:59 | Build | Mining Camp |
| 17:00 | Queue | Spearman |
| 17:00 | Research | Castle Age |
| 17:07 | Queue | Fishing Ship |
| 17:19 | Queue | Spearman |
| 17:20 | Queue | Spearman |
| 17:34 | Build | Palisade Wall |
| 17:41 | Build | Palisade Wall |
| 17:42 | Build | Palisade Wall |
| 17:46 | Queue | Villager (Male) |
| 17:59 | Research | Scale Mail Armor |
| 18:00 | Queue | Spearman |
| 18:05 | Queue | Fishing Ship |
| 18:16 | Research | Double-Bit Axe |
| 18:31 | Queue | Villager (Male) |
| 18:48 | Queue | Spearman |
| 19:20 | Queue | Spearman |
| 19:45 | Age | Castle Age |
| 20:05 | Build | Krepost |
| 20:11 | Queue | Villager (Male) |
| 20:23 | Research | Scale Barding Armor |
| 20:33 | Queue | Unit 2626 |
| 21:04 | Build | Krepost |
| 21:05 | Queue | Villager (Male) |
| 21:11 | Queue | Villager (Male) |
| 21:13 | Research | Horse Collar |
| 21:37 | Build | Siege Workshop |
| 21:41 | Queue | Militia |
| 21:47 | Queue | Konnik |
| 22:15 | Build | Krepost |
| 22:20 | Queue | Battering Ram |
| 22:33 | Queue | Unit 2626 |
| 22:33 | Queue | Unit 2626 |
| 22:38 | Queue | Villager (Male) |
| 22:40 | Build | Farm |
| 22:40 | Build | Farm |
| 22:40 | Build | Farm |
| 22:40 | Build | Farm |
| 23:30 | Queue | Battering Ram |
| 24:04 | Queue | Battering Ram |
| 24:17 | Queue | Villager (Male) |
| 24:17 | Queue | Villager (Male) |
| 24:20 | Build | Farm |
| 25:14 | Build | Krepost |
| 25:19 | Queue | Konnik |
| 25:30 | Queue | Villager (Male) |
| 25:30 | Queue | Villager (Male) |
| 25:34 | Build | Farm |
| 25:58 | Queue | Konnik |
| 25:58 | Queue | Konnik |
| 26:07 | Queue | Villager (Male) |
| 26:24 | Build | Farm |
| 26:25 | Build | Farm |
| 27:15 | Queue | Villager (Male) |
| 27:47 | Queue | Battering Ram |
| 27:50 | Queue | Villager (Male) |
| 27:58 | Queue | Battering Ram |
| 28:28 | Research | Fletching |
| 28:29 | Queue | Villager (Male) |
| 28:32 | Queue | Villager (Male) |
| 28:32 | Queue | Villager (Male) |
| 28:47 | Build | Town Center |
| 29:31 | Queue | Villager (Male) |
| 29:41 | Queue | Konnik |
| 29:41 | Queue | Konnik |
| 30:15 | Queue | Villager (Male) |
| 30:15 | Queue | Villager (Male) |
| 30:20 | Build | Town Center |
| 30:25 | Queue | Fishing Ship |
| 30:31 | Queue | Villager (Male) |
| 30:56 | Queue | Villager (Male) |
| 30:56 | Queue | Villager (Male) |
| 30:58 | Build | Farm |
| 30:58 | Build | Farm |
| 31:00 | Research | Bow Saw |
| 31:16 | Queue | Fire Galley |
| 31:18 | Queue | Villager (Male) |
| 31:32 | Queue | Konnik |
| 31:44 | Queue | Villager (Male) |
| 31:48 | Build | Farm |
| 31:49 | Build | Farm |
| 31:52 | Build | Farm |
| 31:53 | Queue | Villager (Male) |
| 32:15 | Queue | Villager (Male) |
| 32:21 | Build | Dock |
Match timeline
| 2:30 | Omit the Wise · first_building Barracks |
| 7:30 | osnolA odnanreF · first_building Barracks |
| 9:17 | osnolA odnanreF · age_up feudal |
| 9:21 | osnolA odnanreF · first_building Stable |
| 9:34 | Omit the Wise · first_building Dock |
| 10:38 | osnolA odnanreF · wall_segment Palisade Wall x1 |
| 10:58 | Omit the Wise · wall_segment Palisade Wall x1 |
| 11:01 | Omit the Wise · wall_segment Palisade Wall x1 |
| 12:31 | Omit the Wise · age_up feudal |
| 13:14 | osnolA odnanreF · wall_segment Palisade Wall x1 |
| 13:26 | osnolA odnanreF · wall_segment Palisade Wall x1 |
| 14:40 | osnolA odnanreF · wall_segment Palisade Wall x1 |
| 14:47 | osnolA odnanreF · first_building Dock |
| 14:56 | osnolA odnanreF · wall_segment Palisade Wall x3 |
| 14:56 | Omit the Wise · wall_segment Palisade Wall x1 |
| 16:03 | osnolA odnanreF · wall_segment Palisade Wall x1 |
| 16:20 | Omit the Wise · wall_segment Palisade Wall x1 |
| 16:23 | Omit the Wise · wall_segment Palisade Wall x1 |
| 16:24 | Omit the Wise · wall_segment Palisade Wall x1 |
| 17:20 | osnolA odnanreF · wall_segment Palisade Wall x3 |
| 17:34 | Omit the Wise · wall_segment Palisade Wall x5 |
| 17:41 | Omit the Wise · wall_segment Palisade Wall x2 |
| 17:42 | Omit the Wise · wall_segment Palisade Wall x1 |
| 18:45 | osnolA odnanreF · first_market_sell 500 wood |
| 18:47 | osnolA odnanreF · first_market_buy 100 food |
| 19:45 | Omit the Wise · age_up castle |
| 19:58 | Omit the Wise · first_market_buy 100 stone |
| 20:05 | Omit the Wise · first_building Krepost |
| 21:20 | osnolA odnanreF · wall_segment Palisade Wall x1 |
| 21:37 | Omit the Wise · first_building Siege Workshop |
| 21:46 | osnolA odnanreF · age_up castle |
| 21:48 | osnolA odnanreF · first_building Castle |
| 22:16 | osnolA odnanreF · first_building Monastery |
| 27:50 | osnolA odnanreF · first_building Siege Workshop |
| 28:35 | Omit the Wise · first_market_sell 100 stone |
| 34:41 | Omit the Wise · first_building Archery Range |
| 37:04 | Omit the Wise · wall_segment Palisade Wall x1 |
| 40:39 | Omit the Wise · first_building Stable |
| 42:08 | osnolA odnanreF · age_up imperial |
| 42:18 | Omit the Wise · age_up imperial |
| 48:25 | Omit the Wise · resign |
[ AI ANALYSIS · 1 CREDIT ]
What really happened in this match?
Wolo.gg analyzes every decision: build order, eco, micro, common mistakes by bracket. Personalized analysis on WhatsApp or Discord in 30 seconds.
Civ guide
Saracens
Perfil
Jugador #21465102